 Dungeon Crawl Stone Soup version 0.14.0-24-gfb45beb (webtiles) character file.

173 4tharraofdagon the Firebug (level 4, 0/24 HPs)
             Began as a Deep Elf Fire Elementalist on Apr 24, 2014.
             Killed by nerve-wracking pain
             ... invoked by Grinder
              (7 damage)
             ... on Level 4 of the Dungeon.
             The game lasted 00:04:05 (602 turns).

4tharraofdagon the Firebug (DEFE)                    Turns: 602, Time: 00:04:05

HP   0/24        AC  2     Str  5      XL: 4   Next: 97%
MP  10/14        EV 13     Int 23      God:
Gold 38          SH  0     Dex 18      Spells:  3 memorised,  2 levels left

rFire  . . .     SeeInvis .     g - +1,+0 mace
rCold  . . .     Clarity  .     a - +0 robe
rNeg   . . .     Conserve .     (no shield)
rPois  .         rCorr    .     (no helmet)
rElec  .         rRot     .     (no cloak)
SustAb . .       Spirit   .     (no gloves)
rMut   .         Warding  .     (no boots)
Saprov . . .     Stasis   .     (no amulet)
MR     .....                    (no ring)
                                k - +3 ring of dexterity

@: not resistant to hostile enchantments, stealthy
A: fangs 1, clever 1, deterioration 1
a: no special abilities


You were on level 4 of the Dungeon.
You were not hungry.

You visited 1 branch of the dungeon, and saw 5 of its levels.

You collected 38 gold pieces.

Inventory:

Hand weapons
 g - a +1,+0 mace (weapon)
 p - a +0,+0 trident
Armour
 a - a +0 robe (worn)
Comestibles
 c - 2 bread rations
 q - a meat ration
Scrolls
 d - 2 scrolls of enchant armour {unknown}
 e - a scroll of amnesia {unknown}
 f - 2 scrolls of identify {unknown}
 h - a scroll of noise {unknown}
 i - a scroll of recharging {unknown}
 j - 3 scrolls of blinking {unknown}
Jewellery
 k - a +3 ring of dexterity (left hand)
Potions
 l - a potion of porridge
Books
 b - a book of Flames

   Spells                             Type                      Level
   *Flame Tongue                      Conjuration/Fire             1
   Throw Flame                        Conjuration/Fire             2
   *Conjure Flame                     Conjuration/Fire             3
   Inner Flame                        Hexes/Fire                   3
   *Sticky Flame                      Conjuration/Fire             4
   Fireball                           Conjuration/Fire             5


   Skills:
 - Level 2.4 Dodging
 - Level 2.4 Stealth
 + Level 3.8 Spellcasting
 * Level 3.4 Conjurations
 * Level 4.8 Fire Magic


You had 2 spell levels left.
You knew the following spells:

 Your Spells              Type           Power        Failure   Level  Hunger
a - Flame Tongue          Conj/Fire      ###..        1%          1    None
b - Conjure Flame         Conj/Fire      ###.....     8%          3    ###....
c - Sticky Flame          Conj/Fire      ###.....     21%         4    ####...


Dungeon Overview and Level Annotations

Branches:
Dungeon (5/15)
 Temple: D:4-7

Altars:

Annotations:
D:4 Grinder


Innate Abilities, Weirdness & Mutations

You have very sharp teeth.
Your mind is acute. (Int +2)
Your body is slowly deteriorating.


Message History

You resist with significant effort.
Unknown command.
Unknown command.
Casting: Flame Tongue
Confirm with . or Enter, or press ? or * to list all spells.
Aiming: Conjure Flame
Press: ? - help, Dir - move target cursor The fire roars!
Unknown command.
Casting: Conjure Flame
Confirm with . or Enter, or press ? or * to list all spells.
Aiming: Flame Tongue
Press: ? - help, Shift-Dir - straight line, f - Grinder
Aim: Grinder (flame)
The flame tongue hits Grinder.
Grinder is lightly wounded.
Grinder is engulfed in roaring flames.
Grinder gestures at you. Pain shoots through your body!
You die...

.# #.# ##.## ##..<##
#.....# ##.....##
#.#######.......####
#...>.....@5........
#########.......###
####>..## #####


You could see Grinder.

Vanquished Creatures
  An ogre (D:3)
  2 adders (D:3)
  An ooze (D:1)
  3 orcs (D:3)
  A ball python (D:3)
  2 giant cockroaches (D:3)
  3 hobgoblins
  6 kobolds (D:1)
  7 bats
  A giant newt skeleton (D:5)
  5 goblins
  A kobold skeleton (D:4)
  6 rats
39 creatures vanquished.

Notes
Turn   | Place    | Note
--------------------------------------------------------------
     0 | D:1      | 4tharraofdagon, the Deep Elf Fire Elementalist, began the quest for the Orb.
     0 | D:1      | Reached XP level 1. HP: 10/10 MP: 5/5
   107 | D:1      | Reached XP level 2. HP: 13/15 MP: 0/8
   297 | D:3      | Reached XP level 3. HP: 16/19 MP: 5/11
   308 | D:3      | Learned a level 3 spell: Conjure Flame
   336 | D:3      | Noticed an ogre
   385 | D:3      | Reached skill level 4 in Fire Magic
   392 | D:3      | Gained mutation: You have very sharp teeth. [potion of beneficial mutation]
   484 | D:3      | Killed an ogre
   484 | D:3      | Reached XP level 4. HP: 18/24 MP: 3/14
   498 | D:3      | Learned a level 4 spell: Sticky Flame
   559 | D:4      | Gained mutation: Your mind is acute. (Int +2) [potion of mutation]
   559 | D:4      | Gained mutation: Your body is slowly deteriorating. [potion of mutation]
   577 | D:5      | Entered Level 5 of the Dungeon
   596 | D:5      | Noticed Grinder
   602 | D:4      | Killed from afar by Grinder

Action                   |  1- 3 |  4- 6 || total
-------------------------+-------+-------++-------
Melee: Unarmed           |     7 |       ||     7
       Mace              |    18 |    18 ||    36
 Cast: Flame Tongue      |    49 |     7 ||    56
       Conjure Flame     |     1 |     1 ||     2
  Use: Potion            |     5 |     1 ||     6
 Stab: Sleeping          |     1 |       ||     1
